 Dungeon Crawl Stone Soup version 0.29-a0-337-g68df138881 (webtiles) character file.

Game seed: 15800937048565107030

20000 spaghetti the Destroyer (level 12, -1/66 HPs)
             Began as an Octopode Conjurer on Apr 16, 2022.
             Was a High Priest of Vehumet.
             Slain by an elephant (4 damage)
             ... on level 3 of the Lair of Beasts.
             The game lasted 00:28:06 (15521 turns).

spaghetti the Destroyer (Octopode Conjurer)        Turns: 15521, Time: 00:28:06

Health: -1/66      AC:  6    Str: 12    XL:     12   Next: 74%
Magic:  2/27       EV: 17    Int: 25    God:    Vehumet [*****.]
Gold:   642        SH:  0    Dex: 10    Spells: 7/33 levels left

rFire   x x x      SeeInvis +   t - +9 whip of Overwhelming Force {protect, rPois rCorr, mace}
rCold   + + +      Faith    +   (no shield)
rNeg    . . .      Spirit   .   i - +1 hat {SInv}
rPois   +          Reflect  .   m - amulet of faith {!P}
rElec   .          Harm     .   e - +6 ring of strength
rCorr   +          Rampage  .   j - +4 ring of evasion
Will    +....                   O - ring "Zomikk" {rC+ Will+ Dex+2}
Stlth   ++++......              o - ring "Qicetoc" {rC+ AC+4 Dex-3 Stlth+}
HPRegen 0.21/turn               V - ring of ice
MPRegen 0.20/turn               x - ring of ice
                                u - ring of ice
                                (no ring)

@: no status effects
A: almost no armour, amphibious, 8 rings, camouflage 1, gelatinous body 1,
(nimble swimmer 1), tentacles
a: Renounce Religion


You were on level 3 of the Lair of Beasts.
You worshipped Vehumet.
Vehumet was extremely pleased with you.
You visited 2 branches of the dungeon, and saw 13 of its levels.

You collected 642 gold pieces.


Innate Abilities, Weirdness & Mutations

You cannot wear most types of armour.
You are amphibious.
You can wear up to eight rings at the same time.
Your skin changes colour to match your surroundings (Stealth+).
Your rubbery body absorbs attacks. (AC +1, EV +1)
((You are camouflaged when in or above water. (Stealth+)))
You have tentacles for arms and can constrict up to eight enemies at once.


   Skills:
 - Level 2.0 Dodging
 - Level 2.6 Stealth
 + Level 11.4 Spellcasting
 + Level 12.8 Conjurations
 * Level 11.8 Earth Magic


You had 7 spell levels left.
You knew the following spells:

 Your Spells              Type           Power      Damage    Failure   Level
a - Magic Dart            Conj           100%       1d8       0%          1
b - Shock                 Conj/Air       100%       1d9       1%          1
c - Searing Ray           Conj           100%       2d8       1%          2
d - Fulminant Prism       Conj/Hex       23%        3d13      1%          4
e - Frozen Ramparts       Ice            96%        1d11      3%          3
f - Iskenderun's Mystic   Conj/Tloc      46%        2d10      1%          4
g - Stone Arrow           Conj/Erth      100%       3d13      1%          3
h - Lehudib's Crystal Sp  Conj/Erth      33%        10d8      41%         8

Your spell library contained the following spells:

 Spells                   Type           Power      Damage    Failure   Level
 Lightning Bolt           Conj/Air       23%        1d38      2%          5
 Passwall                 Tmut/Erth      35%        N/A       1%          2
 Dazzling Flash           Conj/Hex       92%        N/A       1%          3
 Mephitic Cloud           Conj/Pois/Air  35%        N/A       1%          3
 Leda's Liquefaction      Hex/Erth       21%        N/A       3%          4
 Beastly Appendage        Tmut           28%        N/A       4%          1
 Pain                     Necr           56%        1d6       4%          1
 Call Imp                 Summ           14%        N/A       6%          2
 Ensorcelled Hibernation  Hex/Ice        96%        N/A       6%          2
 Wereblood                Tmut           14%        N/A       6%          2
 Call Canine Familiar     Summ           14%        N/A       13%         3
 Portal Projectile        Hex/Tloc       28%        N/A       13%         3
 Spider Form              Tmut/Pois      14%        N/A       13%         3
 Swiftness                Air            14%        N/A       13%         3
 Ice Form                 Ice/Tmut       48%        N/A       38%         4
 Summon Ice Beast         Ice/Summ       48%        N/A       38%         4
 Agony                    Necr           14%        N/A       75%         5
 Excruciating Wounds      Necr           7%         N/A       75%         5
 Animate Armour           Summ/Erth      Unusable   N/A       N/A         4

Inventory:

Hand Weapons
 t - the +9 whip of Overwhelming Force (weapon) {protect, rPois rCorr, mace}
   (You took it off an orc priest on level 9 of the Dungeon)

   It grants its wielder temporary protection when it strikes (+7 to AC).
   rPois:     It protects you from poison.
   rCorr:     It protects you from acid and corrosion.
 T - the +3 long sword "Luistroot" {vorpal, Int+2, long}
   (You found it on level 4 of the Dungeon)

   It inflicts extra damage upon your enemies.
   Int:       It affects your intelligence (+2).
Missiles
 b - 2 boomerangs {throwing}
 g - 285 stones {throwing}
 h - 11 poisoned darts {throwing}
 w - 5 curare-tipped darts {=fthrowing}
Armour
 i - a +1 hat of see invisible (worn)
   (You took it off Gastronok on level 2 of the Lair of Beasts)
Jewellery
 e - a +6 ring of strength (left tentacle)
   (You found it on level 1 of the Dungeon)
 j - a +4 ring of evasion (right tentacle)
   (You found it on level 1 of the Dungeon)
 k - a ring of ice
   (You took it off Fannar on level 2 of the Lair of Beasts)
 m - an amulet of faith (around mantle) {!P}
   (You found it on level 1 of the Dungeon)
 o - the ring "Qicetoc" (on tentacle) {rC+ AC+4 Dex-3 Stlth+}
   (You acquired it on level 4 of the Dungeon)

   [ring of protection]

   AC:        It affects your AC (+4).
   Dex:       It affects your dexterity (-3).
   rC:        It protects you from cold.
   Stlth:     It makes you more stealthy.
 u - a ring of ice (on tentacle)
   (You found it on level 1 of the Lair of Beasts)
 x - a ring of ice (on tentacle)
   (You found it on level 2 of the Lair of Beasts)
 O - the ring "Zomikk" (on tentacle) {rC+ Will+ Dex+2}
   (You found it on level 4 of the Dungeon)

   [ring of protection from cold]

   Dex:       It affects your dexterity (+2).
   rC:        It protects you from cold.
   Will:      It increases your willpower.
 V - a ring of ice (on tentacle)
   (You found it on level 5 of the Dungeon)
Wands
 l - a wand of charming (7)
   (You took it off Joseph on level 9 of the Dungeon)
 C - a wand of paralysis (5)
   (You took it off a goblin on level 3 of the Dungeon)
 U - a wand of mindburst (38)
   (You found it on level 5 of the Dungeon)
Scrolls
 f - a scroll of holy word
 r - 4 scrolls of teleportation {@r4}
 z - 12 scrolls of identify {unknown}
 A - a scroll of amnesia {unknown}
 L - 4 scrolls of noise {unknown}
 M - 4 scrolls of fear {unknown}
 X - a scroll of blinking {unknown}
 Y - 2 scrolls of vulnerability {unknown}
 Z - a scroll of silence {unknown}
Potions
 a - 2 potions of might {unknown}
 c - 4 potions of curing {@q1}
 d - a potion of resistance {unknown}
 n - a potion of cancellation
 s - a potion of haste {unknown}
 D - a potion of ambrosia {unknown}
 P - 2 potions of flight {unknown}
 R - 2 potions of degeneration {unknown}
 S - 3 potions of brilliance {unknown}
 W - a potion of attraction {unknown}
Miscellaneous
 y - a lightning rod (2/4)
   (You found it on level 2 of the Lair of Beasts)

Dungeon Overview and Level Annotations

Branches:
Dungeon (10/15)            Temple (0/1) D:6            Lair (3/6) D:9
  Snake (0/4) Lair:2
  Swamp: Lair:2-4    Shoals: Lair:2-4       Orc: D:9-12

Altars:
Cheibriados
Elyvilon
Fedhas
Hepliaklqana
Makhleb
Nemelex Xobeh
Okawaru
Ru
Uskayaw
Vehumet
Wu Jian
Xom
The Shining One

Annotations:
Lair:1 1 runed translucent door, mdonais's ghost, journeyman OpWz

##.. ## #..##
.##.##...####
........ ..##
#P.#..###..#
#.....##..##
#..#..#....# ##
##l....#..#####...
##@Y...#.†.†.......
#...Y....#.#....#.#
P........#.#..#.####
..........####...#
##.###.##.# #..†.# #
#. ..# #...†.# #.
..# ##....# #. ..
P....YP ......$.


You could see 2 elephants and a wyvern.


Message History

Casting: Iskenderun's Mystic Blast (dangerous; 1% risk of failure)
Confirm with . or Enter, or press ? or * to list all spells.
You erupt in a blast of force!
The mystic blast hits the fungus!
The mystic blast hits the elephant!
The mystic blast hits the elephant.
The mystic blast hits the elephant!
The elephant is knocked back by the mystic blast.
The elephant slams into the rock wall!
A wyvern comes into view.
The elephant tramples you!
You hold your ground!
The elephant misses you.
The elephant tramples you but does no damage.
The elephant trunk-slaps you but does no damage. 😮 HP[-14] MP[-4]
You take 14 damage, and now have 35/66 hp.
MASSIVE DAMAGE!! (PAUSE)
You lost 4 mp, and now have 15/27 mp.
Casting: Iskenderun's Mystic Blast (dangerous; 1% risk of failure)
Confirm with . or Enter, or press ? or * to list all spells.
You erupt in a blast of force!
The mystic blast hits the fungus!!
The mystic blast hits the wyvern!
The mystic blast hits the elephant!
The elephant is knocked back by the mystic blast.
The mystic blast hits the elephant!
The elephant is knocked back by the mystic blast.
The elephant slams into the rock wall!
The mystic blast hits the elephant.
The elephant is knocked back by the mystic blast. 😮 MP[-4]
You lost 4 mp, and now have 11/27 mp.
Unknown command.
Casting: Iskenderun's Mystic Blast (dangerous; 1% risk of failure)
Confirm with . or Enter, or press ? or * to list all spells.
You erupt in a blast of force!
The mystic blast hits the fungus!
The mystic blast hits the elephant!
The elephant is knocked back by the mystic blast.
The elephant slams into the rock wall!
The mystic blast hits the elephant.
A nearby fungus withers and dies.
The elephant closely misses you.
The elephant trunk-slaps you but does no damage.
An elephant comes into view. 😮 HP[+1] MP[-3]
You lost 3 mp, and now have 8/27 mp.
Casting: Iskenderun's Mystic Blast (dangerous; 1% risk of failure)
Confirm with . or Enter, or press ? or * to list all spells.
You erupt in a blast of force!
The mystic blast hits the elephant but does no damage.
The mystic blast hits the elephant!
The elephant is knocked back by the mystic blast.
The elephant slams into the rock wall!
The mystic blast hits the elephant!
The elephant tramples you!
* * * LOW HITPOINT WARNING * * *
You hold your ground!
The elephant barely misses you. 😨 HP[-7] MP[-4]
You take 7 damage, and now have 29/66 hp.
You lost 4 mp, and now have 4/27 mp.
Casting: Iskenderun's Mystic Blast (dangerous; 1% risk of failure)
Confirm with . or Enter, or press ? or * to list all spells.
You erupt in a blast of force!
The mystic blast hits the elephant.
The mystic blast hits the wyvern!
The wyvern is knocked back by the mystic blast.
The mystic blast hits the elephant! x2
You kill the elephant!
Vehumet accepts your kill.
You feel your power returning.
The mystic blast hits the elephant!
The elephant is knocked back by the mystic blast.
The elephant slams into the rock wall! 😨 MP[-3]
You lost 3 mp, and now have 1/27 mp.
Unknown command.
Aiming: Thunderbolt
Press: ? - help, Shift-Dir - straight line, f - elephant
Aim: an elephant (almost dead)
The thunderbolt hits the elephant but does no damage.
You hear an angry growl. x2
The elephant barely misses you. The elephant trunk-slaps you.
* * * LOW HITPOINT WARNING * * *
The wyvern closely misses you. 😨 HP[-2]
You take 2 damage, and now have 27/66 hp.
Okay, then.
Okay, then.
Okay, then.
You feel better. The elephant tramples you!
* * * LOW HITPOINT WARNING * * *
You hold your ground!
The elephant trunk-slaps you.
* * * LOW HITPOINT WARNING * * *
An elephant comes into view.
The wyvern bites you!
* * * LOW HITPOINT WARNING * * *
The elephant tramples you!
* * * LOW HITPOINT WARNING * * *
You hold your ground!
The elephant trunk-slaps you but does no damage. 😱 HP[-25]
You take 25 damage, and now have 2/66 hp.
MASSIVE DAMAGE!! (PAUSE)
Okay, then.
Okay, then.
Okay, then.
It was a potion of cancellation.
You feel magically purged. The wyvern misses you.
The elephant tramples you but does no damage.
The elephant misses you. The elephant tramples you.
You die...

Skill      XL: |  1  2  3  4  5  6  7  8  9 10 11 12 |
---------------+-------------------------------------+-----
Spellcasting   | 3 4 5 6 7 8 9 10 11 | 11.4
Conjurations   | 5 7 8 10 11 12 | 12.8
Earth Magic    | 3 7 10 11 | 11.8
Dodging        | |  2.0
Stealth        | |  2.6

Action                   |  1- 3 |  4- 6 |  7- 9 | 10-12 || total
-------------------------+-------+-------+-------+-------++-------
Melee: Unarmed           |    12 |    14 |       |       ||    26
       Constrict         |     3 |     3 |     1 |     2 ||     9
       Tentacles         |     2 |     4 |     2 |    13 ||    21
       Long sword        |       |       |     6 |       ||     6
       Whip              |       |       |       |    59 ||    59
       Punch             |       |       |       |     1 ||     1
 Cast: Magic Dart        |    66 |    87 |   120 |    73 ||   346
       Shock             |       |     5 |     5 |     7 ||    17
       Searing Ray       |       |     3 |    14 |     9 ||    26
       Frozen Ramparts   |       |       |     8 |     4 ||    12
       Stone Arrow       |       |       |    23 |   160 ||   183
       Iskenderun's Myst |       |       |     2 |    46 ||    48
       Fulminant Prism   |       |       |       |     5 ||     5
Evoke: Wand              |       |       |       |     1 ||     1
       Lightning rod     |       |       |       |     3 ||     3
  Use: Scroll            |       |     2 |       |     6 ||     8
       Potion            |       |     1 |       |     5 ||     6
Armor: Skin              |     4 |    10 |     7 |    40 ||    61
Dodge: Dodged            |    23 |    33 |    55 |   114 ||   225

Levels and vault maps discovered:
D:1:      dpeg_arrival_renting, layout_rooms,
          chequers_ecumenical_altar_simple_redux, minmay_stone_trees_small
D:2:      layout_basic, nicolae_grassy_gnolls, uniq_crazy_yiuf_cottage
D:3:      layout_basic, lemuel_crystal_altar, mainiacjoe_overflow_alcove_1,
          serial_bayou_pond_a, serial_bayou_pond_c, uniq_robin
D:4:      layout_gridville, nemelex_spade_bored_becter, led_xom_imps,
          dancing_weapons_uskayaw, mainiacjoe_overflow_big_doors
D:5:      layout_loops_ring, mainiacjoe_overflow_tiny_flanked,
          lemuel_round_altar, minmay_misc_feat_x, minmay_small_thing,
          uniq_menkaure, uniq_pikel
D:6:      layout_basic, hangedman_ru_absence, minmay_temple_entry_fiery
D:7:      layout_rooms, enter_bailey_8
D:8:      layout_gridville, mainiacjoe_overflow_small_starburst,
          elyvilon_altar_5
D:9:      layout_stronghold, lair_entry_dummy, uniq_joseph
D:10:     layout_rooms
Lair:1:   layout_loops_ring, hellmonk_ghost_happy_afterlife,
          serial_bayou_shore_b, lemuel_fruit_tree, lemuel_fruit_fields
Lair:2:   nzn_winding_woodlands_medium [nzn_winding_woodlands_5x5_default,
          nzn_winding_woodlands_5x15_zeroes, nzn_winding_woodlands_5x5_default,
          nzn_winding_woodlands_hourglass,
          nzn_winding_woodlands_center_pierced_h,
          nzn_winding_woodlands_5x5_three, nzn_winding_woodlands_5x5_perimeter,
          nzn_winding_woodlands_5x15_lazy_stream,
          nzn_winding_woodlands_5x5_closed_star], layout_cave_pods,
          dummy_snake_entry, grunt_forest_small_clearings, serial_bayou_shore_a,
          infiniplex_staircase_pool, uniq_fannar, uniq_gastronok
Lair:3:   layout_loops_ring, minivault_24, infiniplex_staircase_pool_2,
          uniq_amaemon

Notes
Turn   | Place    | Note
-------+----------+-------------------------------------------
     0 | D:1      | spaghetti the Octopode Conjurer began the quest for the
                  | Orb.
     0 | D:1      | Reached XP level 1. HP: 11/11 MP: 3/3
     0 | D:1      | magus.rc [v1.9.6]
   215 | D:1      | Found a faded altar of an unknown god.
   219 | D:1      | Prayed at the altar of an unknown god.
   219 | D:1      | Became a worshipper of Vehumet
   219 | D:1      | Reached * piety under Vehumet
   219 | D:1      | Offered knowledge of Shock by Vehumet.
   243 | D:1      | Reached XP level 2. HP: 17/17 MP: 3/5
   794 | D:1      | Reached XP level 3. HP: 21/21 MP: 4/6
   902 | D:1      | You pick up a book of Changes and begin reading...
   902 | D:1      | You add the spells Beastly Appendage, Wereblood and Spider
                  | Form to your library.
   905 | D:1      | Learned a level 1 spell: Shock
  1114 | D:2      | Offered knowledge of Freeze by Vehumet.
  1176 | D:2      | Reached ** piety under Vehumet
  1238 | D:3      | Found a glowing golden altar of the Shining One.
  1284 | D:3      | Found an iron altar of Okawaru.
  1520 | D:3      | Reached skill level 3 in Spellcasting
  1580 | D:3      | Reached XP level 4. HP: 27/27 MP: 4/8
  1620 | D:3      | Identified the +2 helmet of Huupet {Int+2}
  1620 | D:3      | Noticed Robin
  1625 | D:3      | Killed Robin
  1747 | D:3      | Reached skill level 5 in Conjurations
  1838 | D:3      | Offered knowledge of Poisonous Vapours by Vehumet.
  2212 | D:3      | You pick up a book of Minor Magic and begin reading...
  2212 | D:3      | You add the spells Call Imp and Mephitic Cloud to your
                  | library.
  2473 | D:4      | Reached XP level 5. HP: 18/31 MP: 3/10
  2476 | D:4      | Learned a level 2 spell: Searing Ray
  2684 | D:4      | Found a sparkling altar of Nemelex Xobeh.
  2844 | D:4      | Found a hazy altar of Hepliaklqana.
  2855 | D:4      | Reached *** piety under Vehumet
  2886 | D:4      | Found a burning altar of Makhleb.
  2980 | D:4      | You pick up a book of Rime and begin reading...
  2980 | D:4      | You add the spells Frozen Ramparts, Ice Form and Summon Ice
                  | Beast to your library.
  3079 | D:4      | Noticed a +0 dagger
  3079 | D:4      | Noticed a +0 dagger
  3081 | D:4      | Found a hide-covered altar of Uskayaw.
  3104 | D:4      | Identified the ring "Zomikk" {rC+ Will+ Dex+2}
  3275 | D:4      | Found a shimmering altar of Xom.
  3284 | D:4      | Reached skill level 4 in Spellcasting
  3290 | D:4      | Reached XP level 6. HP: 36/36 MP: 10/12
  3312 | D:4      | Identified the +3 long sword "Luistroot" {vorpal, Int+2}
  3544 | D:5      | Entered Level 5 of the Dungeon
  3549 | D:5      | Noticed Pikel
  3629 | D:4      | Identified a scroll of acquirement
  3629 | D:4      | Acquired the ring "Qicetoc" {rC+ AC+4 Dex-3 Stlth+}
  4008 | D:5      | Reached skill level 6 in Conjurations
  4206 | D:5      | Killed Pikel
  4206 | D:5      | Offered knowledge of Olgreb's Toxic Radiance by Vehumet.
  4207 | D:5      | Reached skill level 5 in Spellcasting
  4207 | D:5      | Reached skill level 7 in Conjurations
  4207 | D:5      | Reached XP level 7. HP: 24/41 MP: 3/15
  4383 | D:5      | Found a blossoming altar of Fedhas.
  4499 | D:5      | Reached skill level 6 in Spellcasting
  4499 | D:5      | Reached XP level 8. HP: 46/46 MP: 11/17
  4504 | D:5      | Learned a level 4 spell: Fulminant Prism
  4508 | D:5      | Learned a level 3 spell: Frozen Ramparts
  4513 | D:5      | Learned a level 4 spell: Iskenderun's Mystic Blast
  4582 | D:5      | Found an ornate altar of the Wu Jian Council.
  4696 | D:5      | Noticed Menkaure
  4700 | D:5      | Killed Menkaure
  4701 | D:5      | Reached skill level 8 in Conjurations
  5165 | D:5      | Reached skill level 7 in Spellcasting
  5227 | D:5      | Noticed a wyvern
  5231 | D:5      | Killed a wyvern
  5508 | D:6      | Found a sacrificial altar of Ru.
  5524 | D:6      | Reached XP level 9. HP: 45/51 MP: 13/20
  5570 | D:6      | Reached **** piety under Vehumet
  5623 | D:6      | Found a staircase to the Ecumenical Temple.
  5670 | D:6      | Reached skill level 9 in Conjurations
  5768 | D:6      | Offered knowledge of Yara's Violent Unravelling by Vehumet.
  5882 | D:6      | You pick up a book of Burglary and begin reading...
  5882 | D:6      | You add the spells Passwall, Ensorcelled Hibernation and
                  | Swiftness to your library.
  6432 | D:7      | Reached skill level 8 in Spellcasting
  6995 | D:7      | Found a flagged portal.
  7016 | D:7      | You pick up a book of Armaments and begin reading...
  7016 | D:7      | You add the spells Stone Arrow and Lehudib's Crystal Spear
                  | to your library.
  7021 | D:7      | Learned a level 3 spell: Stone Arrow
  7246 | D:8      | Noticed a manticore
  7249 | D:8      | Killed a manticore
  7250 | D:8      | Reached skill level 10 in Conjurations
  7250 | D:8      | Reached skill level 2 in Earth Magic
  7381 | D:8      | Found a white marble altar of Elyvilon.
  7556 | D:8      | Reached skill level 3 in Earth Magic
  7653 | D:8      | Found a snail-covered altar of Cheibriados.
  8212 | D:9      | Reached XP level 10. HP: 56/56 MP: 13/22
  8216 | D:8      | Reached skill level 4 in Earth Magic
  8400 | D:9      | Reached skill level 9 in Spellcasting
  8409 | D:10     | Entered Level 10 of the Dungeon
  8413 | D:9      | HP: 15/84 [yak (9)]
  8418 | D:9      | Reached ***** piety under Vehumet
  8419 | D:9      | Reached skill level 5 in Earth Magic
  8698 | D:9      | Found a staircase to the Lair.
  8807 | D:9      | Offered knowledge of Eringya's Noxious Bog by Vehumet.
  9160 | D:9      | Noticed Joseph
  9165 | D:9      | Killed Joseph
  9166 | D:9      | Reached skill level 6 in Earth Magic
  9473 | D:9      | Identified the +9 whip of Overwhelming Force {protect,
                  | rPois rCorr}
  9637 | D:9      | Reached skill level 11 in Conjurations
 10083 | Lair:1   | Entered Level 1 of the Lair of Beasts
 10083 | Lair:1   | Noticed a black mamba
 10088 | Lair:1   | Killed a black mamba
 10089 | Lair:1   | Reached skill level 7 in Earth Magic
 10267 | Lair:1   | Noticed a cane toad
 10270 | Lair:1   | Killed a cane toad
 10271 | Lair:1   | Reached XP level 11. HP: 61/61 MP: 15/24
 10403 | Lair:1   | Noticed mdonais's ghost (journeyman OpWz)
 10408 | Lair:1   | Found a runed translucent door.
 10498 | Lair:1   | Reached skill level 8 in Earth Magic
 10658 | Lair:1   | You pick up a book of Pain and begin reading...
 10658 | Lair:1   | You add the spells Pain, Agony and Excruciating Wounds to
                  | your library.
 10673 | Lair:1   | Reached skill level 10 in Spellcasting
 11742 | Lair:2   | Reached skill level 9 in Earth Magic
 12446 | Lair:2   | Found a staircase to the Snake Pit.
 12588 | Lair:1   | HP: 12/61 [wolf (8)]
 12596 | Lair:1   | HP: 11/61 [/a scroll of torment (9)]
 13008 | Lair:2   | Reached skill level 12 in Conjurations
 13008 | Lair:2   | Noticed Gastronok
 13032 | Lair:2   | Killed Gastronok
 13033 | Lair:2   | Reached skill level 10 in Earth Magic
 13033 | Lair:2   | Reached XP level 12. HP: 66/66 MP: 2/26
 13183 | Lair:2   | Noticed Fannar
 13202 | Lair:2   | Killed Fannar
 13218 | Lair:2   | Noticed a four-headed hydra
 13481 | Lair:2   | HP: 13/66 [four-headed hydra (5)]
 13482 | Lair:2   | Killed a four-headed hydra
 13832 | Lair:2   | Reached skill level 11 in Spellcasting
 14008 | Lair:2   | Reached skill level 11 in Earth Magic
 14386 | Lair:2   | Learned a level 8 spell: Lehudib's Crystal Spear
 14637 | Lair:2   | Offered knowledge of Lightning Bolt by Vehumet.
 14701 | Lair:2   | Identified the +5 pair of gloves "Feto" {SInv}
 14883 | Lair:2   | You pick up a book of the Hunter and begin reading...
 14883 | Lair:2   | You add the spells Call Canine Familiar, Portal Projectile
                  | and Leda's Liquefaction to your library.
 15520 | Lair:3   | HP: 10/66 [wyvern (15)]
 15520 | Lair:3   | HP: 2/66 [elephant (8)]
 15521 | Lair:3   | Slain by an elephant

Vanquished Creatures
  Gastronok (Lair:2)
  A hydra (Lair:2)
  Fannar (Lair:2)
  Pikel (D:5)
  2 elephants (Lair:3)
  A manticore (D:8)
  7 black mambas
  Joseph (D:9)
  7 cane toads
  2 rime drakes
  4 komodo dragons
  5 blink frogs (Lair:2)
  A wraith (D:9)
  4 basilisks
  A wyvern (D:5)
  26 yaks
  Menkaure (D:5)
  9 water moccasins
  2 ice beasts
  2 orc warriors
  A black bear (D:8)
  A sky beast (D:5)
  An ogre (D:6)
  8 wolves (Lair:2)
  2 phantoms (D:5)
  4 lemures (D:4)
  2 kobold brigands
  15 bullfrogs
  A gnoll sergeant (D:9)
  2 necrophages
  2 scorpions
  An electric eel (Lair:2)
  2 howler monkeys
  2 crimson imps (D:4)
  5 hounds
  4 orc priests (D:9)
  3 iguanas
  6 orc wizards
  Robin (D:3)
  5 gnolls (D:9)
  8 adders
  4 white imps
  An ufetubus (D:6)
  3 worms
  4 dart slugs
  11 orcs
  3 endoplasms
  2 giant cockroaches
  14 goblins
  9 hobgoblins
  6 jackals (D:1)
  A quokka (D:5)
  6 ball pythons
  2 bats (D:3)
  3 frilled lizards
  9 kobolds
  7 rats
240 creatures vanquished.

Vanquished Creatures (others)
  5 fulminant prisms
  17 fungi
  53 plants
75 creatures vanquished.

Grand Total: 315 creatures vanquished

Table legend:
 A = Non-vault XP
 B = Vault XP
 C = Vault XP percentage of total XP
 D = Non-vault monster count
 E = Vault monster count
 F = Vault count percentage of total count
                 A         B        C        D         E       F
            +---------+---------+-------+---------+---------+-------
      Total |   21379 |    7193 |  25.2 |     204 |      32 |  13.6
            +---------+---------+-------+---------+---------+-------
        D:1 |      40 |       0 |   0.0 |      22 |       0 |   0.0
        D:2 |       4 |       0 |   0.0 |       3 |       0 |   0.0
        D:3 |      81 |      37 |  31.4 |      15 |      12 |  44.4
        D:4 |     127 |      96 |  43.0 |      16 |       2 |  11.1
        D:5 |     827 |     948 |  53.4 |      15 |       3 |  16.7
        D:6 |     701 |       0 |   0.0 |      16 |       0 |   0.0
        D:7 |     788 |       0 |   0.0 |      10 |       0 |   0.0
        D:8 |    1150 |       0 |   0.0 |      11 |       0 |   0.0
        D:9 |    3347 |     430 |  11.4 |      37 |       1 |   2.6
     Lair:1 |    5057 |      93 |   1.8 |      24 |       1 |   4.0
     Lair:2 |    7085 |    5589 |  44.1 |      30 |      13 |  30.2
     Lair:3 |    2172 |       0 |   0.0 |       5 |       0 |   0.0
            +---------+---------+-------+---------+---------+-------

Illustrated notes

Table legend:
 A = Kills in this place as a percentage of kills in entire the game.
 B = Kills by you in this place as a percentage of kills by you in the entire game.
 C = Kills by friends in this place as a percentage of kills by friends in the entire game.
 D = Other kills in this place as a percentage of other kills in the entire game.
 E = Experience gained in this place as a percentage of experience gained in the entire game.
 F = Experience gained in this place divided by the number of levels of this place that you have seen.
                   A       B       C       D       E      F
               +-------+-------+-------+-------+-------+----------------------
         Total | 100.0 | 100.0 |   N/A |   N/A | 100.0 | 2197.8
       Dungeon |  69.1 |  69.1 |   N/A |   N/A |  30.0 | 857.6
          Lair |  30.9 |  30.9 |   N/A |   N/A |  70.0 | 6665.3
               +-------+-------+-------+-------+-------+----------------------

Table legend: (Time is in decaauts)
 A = Elapsed time spent in this place.
 B = Non-inter-level travel time spent in this place.
 C = Inter-level travel time spent in this place.
 D = Time resting spent in this place.
 E = Time spent auto-exploring this place.
 F = Levels seen in this place.
 G = Mean time per level.
                   A        B        C        D        E       F      G
               +--------+--------+--------+--------+--------+-----+--------+
         Total |  15536 |  15059 |    477 |   3201 |  10354 |  13 | 1195.1 |
       Dungeon |  10311 |  10022 |    289 |   1879 |   7196 |  10 | 1031.1 |
          Lair |   5225 |   5038 |    187 |   1322 |   3158 |   3 | 1741.7 |
               +--------+--------+--------+--------+--------+-----+--------+

Top non-repeatable levels by time:
  Lair:2: 2769 daAuts
  Lair:1: 2341 daAuts
     D:9: 2083 daAuts
     D:4: 1466 daAuts
     D:5: 1410 daAuts
     D:3: 1225 daAuts
     D:6: 1176 daAuts
     D:1: 1026 daAuts
     D:8: 979 daAuts
     D:7: 732 daAuts
     D:2: 210 daAuts
  Lair:3: 114 daAuts
    D:10: 1 daAuts
